 Dungeon Crawl Stone Soup version bcrawl-1.15.1-4-g77d781cab4 (webtiles) character file.

Game seed: 4474089256676894476

42 Gumption the Cudgeler (level 3, -2/29 HPs)
             Began as a Centaur Archaeologist on Oct 12, 2019.
             Slain by a worm (9 damage)
             ... on level 2 of the Dungeon.
             The game lasted 00:13:13 (1811 turns).

Gumption the Cudgeler (Centaur Archaeologist)       Turns: 1811, Time: 00:13:13

Health: -2/29      AC:  6    Str: 14    XL:     3   Next: 33%
Magic:  3/3        EV: 10    Int: 13    God:
Gold:   184        SH:  0    Dex:  7    Spells: 2/2 levels left

rFire    . . .     SeeInvis .   a - +0 whip
rCold    . . .     Gourm    .   (no shield)
rNeg     . . .     Faith    .   d - +1 robe
rPois    .         Spirit   .   o - +0 helmet
rElec    .         Reflect  .   (no cloak)
rCorr    .         Harm     .   (no gloves)
MR       +....                  (no barding)
Stlth    +.........             (no amulet)
HPRegen  0.09/turn              c - ring of protection from magic
MPRegen  0.08/turn              (no ring)

@: studying Shields, very quick
A: large, hooves 3, deformed body, speed 2, tough skin 3
a: no special abilities


You were on level 2 of the Dungeon.
You were not hungry.

You visited 1 branch of the dungeon, and saw 2 of its levels.

You collected 184 gold pieces.

Inventory:

Hand Weapons
 a - a +0 whip (weapon)
 b - a +0 flail
Missiles
 n - 568 stones (quivered)
Armour
 d - a +1 robe (worn)
 o - a +0 helmet (worn)
Jewellery
 c - a ring of protection from magic (left hand)
Scrolls
 i - 4 scrolls of identify {unknown}
 l - 2 scrolls of immolation {unknown}
 m - a scroll of magic mapping {unknown}
 q - 3 scrolls of teleportation {unknown}
Potions
 h - a potion of lignification {unknown}
 j - a potion of heal wounds {unknown}
 k - a potion of curing {unknown}
 r - a potion of degeneration {unknown}
Books
 e - a manual of Shields
Miscellaneous
 f - an ancient crate
Comestibles
 g - 4 rations {!d}


   Skills:
 + Level 2.0 Fighting
 * Level 2.5 Maces & Flails
 - Level 2.1 Dodging
 - Level 2.0 Stealth


You had 2 spell levels left.
You didn't know any spells.
Your spell library was empty.

Dungeon Overview and Level Annotations

Branches:
Dungeon (2/12)

Altars:
Hepliaklqana
Zin


Innate Abilities, Weirdness & Mutations

You have hooves in place of feet.
Armour fits poorly on your strangely shaped body.
You cover ground very quickly.
You have extremely tough skin. (AC +3)


Message History

Throwing (i - inventory)
n - 570 stones (quivered)
Press: ? - help, Shift-Dir - straight line, f/p - kobold
Aim: a kobold, wielding a +1 dagger of electrocution You throw a stone.
The stone closely misses the kobold.
Throwing (i - inventory)
n - 569 stones (quivered)
Press: ? - help, Shift-Dir - straight line, f/p - kobold
Aim: a kobold, wielding a +1 dagger of electrocution You throw a stone.
The stone barely misses the kobold.
You closely miss the kobold. The kobold hits you but does no damage.
You are electrocuted!
You hit the kobold.
The kobold is moderately wounded.
The kobold hits you but does no damage.
You are electrocuted!
* * * LOW HITPOINT WARNING * * *
That item cannot be evoked!
There is a hazy altar of Hepliaklqana here.
A worm comes into view.
The worm moves out of view.
The worm bites you!
You die...

###.#.########.#.####
#.# ###
#.....))..........# #.#
###
##############.##.##
#.##### #.......w.#
#...... ####......#
##.##.# #.####.#
####..... #.#
#K####..)....K ##.##
#......##.####
######..@###..######K#
#......w......# #.#
#..###...###########.#
#..# ##.## #.....##.#
#..# #.# #####.##.#
#..####.# #.##.# ##
#####.......#####
#....# .##
#...w...........#
#.#### ..#
#w#############.#####.#


You could see a worm.

Vanquished Creatures
  A worm (D:2)
  2 dart slugs
  A leopard gecko (D:2)
  3 orcs (D:2)
  A giant cockroach (D:2)
  4 goblins
  4 hobgoblins
  4 kobolds
  A quokka (D:2)
  3 bats
  2 frilled lizards (D:1)
  3 rats (D:1)
29 creatures vanquished.

Notes
Turn   | Place    | Note
-------+----------+-------------------------------------------
     0 | D:1      | Gumption the Centaur Archaeologist began the quest for the
                  | Orb.
     0 | D:1      | Reached XP level 1. HP: 16/16 MP: 1/1
    89 | D:1      | Reached skill level 1 in Maces & Flails
   535 | D:1      | Reached XP level 2. HP: 22/23 MP: 2/2
  1344 | D:2      | Reached XP level 3. HP: 28/29 MP: 3/3
  1675 | D:2      | Found a hazy altar of Hepliaklqana.
  1725 | D:2      | Found a glowing silver altar of Zin.
  1811 | D:2      | Slain by a worm

Skill      XL: |  1  2  3 |
---------------+----------+-----
Maces & Flails | 1 2 |  2.5
Fighting       | 2 |  2.0
Dodging        | |  2.1
Stealth        | |  2.0

Action                   || total
-------------------------++-------
Melee: Whip              ||   126
       Kick              ||    19
Throw: Stone             ||    60
  Eat: Chunk             ||     2
Armor: Robe              ||    42
Dodge: Dodged            ||    55
